 Dungeon Crawl Stone Soup version 0.29.0-13-gc9e81de378 (webtiles) character file.

Game seed: 2000540998705473047

86 Artool the Cudgeller (level 4, -2/35 HPs)
             Began as a Demonspawn Gladiator on Sept 8, 2022.
             Slain by an orc
             ... wielding a +0 hand axe
              (6 damage)
             ... on level 2 of the Dungeon.
             The game lasted 00:02:57 (2090 turns).

Artool the Cudgeller (Demonspawn Gladiator)         Turns: 2090, Time: 00:02:57

Health: -2/35      AC:  7    Str: 16    XL:     4   Next: 27%
Magic:  4/4        EV: 12    Int:  9    God:
Gold:   56         SH:  0    Dex: 15    Spells: 3/3 levels left

rFire   . . .      SeeInvis .   p - +0 whip
rCold   . . .      Faith    .   (no shield)
rNeg    . . .      Spirit   .   j - +0 ring mail
rPois   .          Reflect  .   c - +0 helmet
rElec   .          Harm     .   q - +0 cloak
rCorr   .          Rampage  .   (no gloves)
Will    .....                   (no boots)
Stlth   +.........              (no amulet)
HPRegen 0.11/turn               (no ring)
MPRegen 0.09/turn               (no ring)

@: no status effects
A: foul stench 1
a: no special abilities


You were on level 2 of the Dungeon.
You visited 1 branch of the dungeon, and saw 3 of its levels.

You collected 56 gold pieces.

Inventory:

Hand Weapons
 p - a +0 whip (weapon)
Missiles
 d - 3 throwing nets
 e - a javelin
 k - 3 poisoned darts (quivered)
 m - 5 boomerangs
Armour
 c - a +0 helmet (worn)
 j - a +0 ring mail (worn)
 q - a +0 cloak (worn)
Jewellery
 u - a +6 ring of dexterity
Scrolls
 a - a scroll of teleportation {unknown}
 f - 2 scrolls of identify {unknown}
 g - a scroll of fog {unknown}
 h - 8 scrolls of vulnerability {unknown}
 i - 2 scrolls of immolation {unknown}
 l - a scroll of blinking {unknown}
 n - 6 scrolls of amnesia {unknown}
 o - a scroll of enchant armour {unknown}
 t - a scroll of noise {unknown}
Potions
 b - a potion of mutation {unknown}
 r - a potion of flight {unknown}
 s - 2 potions of curing {unknown}


   Skills:
 + Level 3.0 Fighting
 + Level 3.4 Maces & Flails
 - Level 2.0 Throwing
 + Level 3.4 Dodging


You had 3 spell levels left.
You didn't know any spells.
Your spell library was empty.

Dungeon Overview and Level Annotations

Branches:
Dungeon (3/15)

Altars:

Shops:
D:1 ?   D:2 (

Annotations:
D:3 Terence


Innate Abilities, Weirdness & Mutations

You may rarely emit foul miasma when damaged in melee.


Message History

You closely miss the orc.
The orc is moderately wounded.
The orc completely misses you.
The giant cockroach bites you but does no damage.
The orc hits you but does no damage. The orc misses you.
You closely miss the orc.
The orc is moderately wounded.
The giant cockroach bites you but does no damage.
The orc closely misses you. x2; The orc hits you but does no damage.
The giant cockroach barely misses you.
You barely miss the orc.
The orc is moderately wounded.
The orc hits you but does no damage. x2; The orc hits you with a +0 hand axe.
The giant cockroach misses you.
You hit the orc.
The orc is severely wounded.
The orc hits you with a +0 club. The orc misses you.
The orc hits you with a +0 hand axe.
* * * LOW HITPOINT WARNING * * *
The giant cockroach misses you.
You hit the orc.
You kill the orc!
The orc barely misses you. The orc hits you with a +0 hand axe.
* * * LOW HITPOINT WARNING * * *
The giant cockroach bites you but does no damage.
You closely miss the giant cockroach. The orc closely misses you.
The giant cockroach bites you.
* * * LOW HITPOINT WARNING * * *
The orc closely misses you.
You hit the orc but do no damage.
The giant cockroach bites you but does no damage.
The orc hits you but does no damage. The orc barely misses you.
You hit the orc.
The orc is heavily wounded.
The giant cockroach completely misses you.
The orc hits you but does no damage. The orc completely misses you.
You hit the orc.
You kill the orc!
The giant cockroach misses you. The orc hits you with a +0 hand axe.
You die...

###........# #.##....#.#
####.......########.##.####.#
.....................#...##.#
.......#.#.......)...###.##.#
.......#.'...........# #.##.# ##
.......###...........###.##.####.
.....∩.# #...........##.....#....
.......# #.....)Bo...##..####.##.
.......# #......@>.....†.......#.
.......# ###############.......#.
.......# ##..<##.###...#.
######## #.....#.# #.....
#####.#.# ###### #...# #####


You could see an orc and a giant cockroach.

Vanquished Creatures
  3 adders (D:2)
  2 dart slugs (D:2)
  4 orcs (D:2)
  3 ball pythons
  2 bats
  4 endoplasms
  3 giant cockroaches
  5 hobgoblins
  2 jackals (D:1)
  4 quokkas
  3 frilled lizards
  7 goblins
  3 kobolds
  4 rats
49 creatures vanquished.

Notes
Turn   | Place    | Note
-------+----------+-------------------------------------------
     0 | D:1      | Artool the Demonspawn Gladiator began the quest for the
                  | Orb.
     0 | D:1      | Reached XP level 1. HP: 16/16 MP: 1/1
   230 | D:1      | Gained mutation: You may rarely emit foul miasma when
                  | damaged in melee. [demonic ancestry]
   230 | D:1      | Reached XP level 2. HP: 22/22 MP: 2/2
   271 | D:1      | Found Hymom's Magic Scroll Boutique.
   766 | D:1      | Found a faded altar of an unknown god.
  1086 | D:2      | Reached XP level 3. HP: 17/28 MP: 3/3
  1462 | D:2      | Found Sooh's Antique Weapon Shop.
  1563 | D:2      | Reached XP level 4. HP: 20/34 MP: 4/4
  2069 | D:3      | Noticed Terence
  2090 | D:2      | Slain by an orc

Illustrated notes

Levels and vault maps discovered:
D:1:      lightli_arrival_noodles, layout_basic, serial_shops, shop,
          shapermc_ecumenical_altar_flowoftime, lemuel_old_faithful
D:2:      layout_basic, serial_shops, shop, minmay_tripent
D:3:      layout_basic, general_overflow_altar, gammafunk_ghost_grave,
          uniq_natasha, uniq_terence

Skill      XL: |  1  2  3  4 |
---------------+-------------+-----
Throwing       | 2 |  2.0
Maces & Flails | 3 |  3.4
Dodging        | 3 |  3.4
Fighting       | 3 |  3.0

Action                   |  1- 3 |  4- 6 || total
-------------------------+-------+-------++-------
Melee: Flail             |    90 |       ||    90
       Whip              |    24 |    60 ||    84
Armor: Leather armour    |    14 |       ||    14
       Ring mail         |    26 |    39 ||    65
Dodge: Dodged            |    72 |    65 ||   137
